 Dungeon Crawl Stone Soup version 0.29-a0-464-g50448035db (webtiles) character file.

Game seed: 2573876414901841898

1095 Bruhh the Magician (level 8, -6/50 HPs)
             Began as a Djinni Fire Elementalist on May 21, 2022.
             Was an Initiate of Makhleb.
             Shot with an arrow by a centaur (7 damage)
             ... on level 6 of the Dungeon.
             The game lasted 00:10:10 (8621 turns).

Bruhh the Magician (Djinni Fire Elementalist)       Turns: 8621, Time: 00:10:11

Health: -6/50      AC:  4    Str:  7    XL:     8   Next: 57%
Gold:   234        EV: 12    Int: 20    God:    Makhleb [......] SH:  0 Dex: 13

rFire   + + +      SeeInvis .   (no weapon)
rCold   x . .      Faith    .   (no shield)
rNeg    . . .      Spirit   .   a - +0 robe
rPois   ∞          Reflect  .   h - +1 helmet
rElec   .          Harm     .   (no cloak)
rCorr   .          Rampage  .   (no gloves)
Will    .....                   (boots unavailable)
Stlth   +.........              (no amulet)
HPRegen 0.16/turn               C - ring "Arigi" {Wiz rF++ Stlth-}
MPRegen 0.00/turn               (no ring)

@: flying
A: sickness immunity, fire resistance 2, cold vulnerability 1, float, innate
caster, HP casting, extra vitality 1
a: Renounce Religion


You were on level 6 of the Dungeon.
You worshipped Makhleb.
Makhleb was noncommittal.
You visited 2 branches of the dungeon, and saw 7 of its levels.

You collected 234 gold pieces.

Inventory:

Armour
 a - a +0 robe (worn)
 h - a +1 helmet (worn)
Jewellery
 j - a ring of see invisible
 o - a +4 ring of slaying
 t - a ring of positive energy
 C - the ring "Arigi" (left hand) {Wiz rF++ Stlth-}
   (You found it on level 5 of the Dungeon)

   [ring of wizardry]

   It improves your spell success rate.
   rF:        It greatly protects you from fire.
   Stlth:     It makes you less stealthy.
Wands
 u - a wand of polymorph (14)
 v - a wand of flame (9)
Scrolls
 b - a scroll of immolation {unknown}
 d - 4 scrolls of identify {unknown}
 f - 2 scrolls of fog {unknown}
 i - 2 scrolls of teleportation {unknown}
 n - a scroll of vulnerability {unknown}
 p - a scroll of brand weapon {unknown}
 s - 2 scrolls of poison {unknown}
 y - 3 scrolls of fear {unknown}
 z - a scroll of silence {unknown}
 B - a scroll of magic mapping {unknown}
 E - 2 scrolls of enchant weapon {unknown}
Potions
 c - 2 potions of heal wounds {unknown}
 e - 3 potions of flight
 g - 3 potions of ambrosia
 k - 2 potions of degeneration {unknown}
 l - 3 potions of curing
 m - 2 potions of attraction {unknown}
 q - 2 potions of magic {unknown}
 r - a potion of invisibility {unknown}
 w - a potion of might {unknown}
 x - a potion of lignification {unknown}
 A - a potion of resistance {unknown}
 D - a potion of mutation {unknown}


   Skills:
 - Level 2.1 Dodging
 - Level 1.5 Stealth
 + Level 7.7 Spellcasting


You had 3 spell levels left.
You knew the following spells:

 Your Spells              Type           Power      Damage    Failure   Level
a - Foxfire               Conj/Fire      100%       2x1d9     1%          1
b - Scorch                Fire           76%        2d9       1%          2
c - Conjure Flame         Conj/Fire      38%        6-21      1%          3
d - Inner Flame           Hex/Fire       38%        N/A       1%          3
e - Flame Wave            Conj/Fire      38%        2d9       1%          4
f - Beastly Appendage     Tmut           76%        N/A       1%          1
g - Ensorcelled Hibernat  Hex/Ice        76%        N/A       1%          2
h - Teleport Other        Tloc           38%        N/A       1%          3
Your spell library was empty.

Dungeon Overview and Level Annotations

Branches:
Dungeon (6/15)             Temple (1/1) D:5

Altars:
Cheibriados
Dithmenos
Gozag
Hepliaklqana
Kikubaaqudgha
Makhleb
Okawaru
Qazlal
Ru
Trog
Vehumet
Wu Jian
Xom
Yredelemnul
Zin
The Shining One

Shops:
D:2 (   D:4 *   D:5 =


Innate Abilities, Weirdness & Mutations

You are immune to sickness and miasma.
You are immune to poison.
Your flesh is very heat resistant. (rF++)
You are vulnerable to cold. (rC-)
You float through the air rather than walking.
You learn spells naturally, not from books.
Your magical power is your life essence.
You have superior vitality. (+4 MHP)


Message History

You hear the brisk rusting of a very distant drain.
You hear a distant slurping noise.
Found a stone staircase leading down.
You hear the brisk rusting of a very distant drain.
A steam dragon and a jelly come into view.
There are monsters nearby!
There are monsters nearby!
There are monsters nearby!
Flames lash the jelly.
The jelly is moderately wounded.
The jelly's fire resistance burns away.
You hear a shout!
A centaur comes into view.
The centaur wields a +0 shortbow.
The centaur shoots an arrow.
The arrow hits you!
Flames lash the jelly.
The jelly is burned terribly!
The jelly is almost dead.
The centaur shoots an arrow.
The arrow hits you. The jelly closely misses you.
Flames lash the jelly.
The jelly is burned terribly!
You kill the jelly!
Makhleb accepts your kill.
The centaur shoots an arrow.
The arrow hits you!
Okay, then.
The steam dragon attacks as you move away!
The steam dragon misses you. The steam dragon closely misses you.
The steam dragon bites you.
The steam dragon claws you but does no damage.
The steam dragon attacks as you move away!
The steam dragon misses you.
The steam dragon claws you but does no damage.
The steam dragon breathes steam at you. The ball of steam hits you. You resist.
The centaur shoots an arrow.
The arrow hits you.
* * * LOW HITPOINT WARNING * * *
The centaur shoots an arrow.
The arrow hits you.
* * * LOW HITPOINT WARNING * * *
The centaur shoots an arrow.
The arrow hits you!
* * * LOW HITPOINT WARNING * * *
The centaur shoots an arrow.
The arrow hits you!
You die...

. ...#.######...........
...............###.....#
...c.#.####.#..# #.....+
.....c.§.......# #.....#
#.#..#.#.......###>....#
# #.#D...............
#..§.....##......##
#....§...++........
#.@......# ........
#....#+### ........
#....# ........ #..###
........ #..# ........
#... #####... ##.. +...
... #... ###.


You could see a steam dragon (catching breath) and a centaur.

Vanquished Creatures
  Sigmund (D:4)
  An ice beast (D:6)
  A phantom (D:5)
  4 scorpions
  A hound (Temple)
  4 jellies
  An orc priest (D:4)
  A gnoll shaman (D:5)
  Jessica (D:2)
  An iguana (D:6)
  3 orc wizards
  Robin (D:2)
  3 gnolls (D:5)
  3 adders
  2 ufetubi
  3 worms (D:2)
  A dart slug (D:3)
  16 orcs
  6 endoplasms
  3 giant cockroaches (D:2)
  12 goblins
  14 hobgoblins
  4 jackals (D:4)
  8 kobolds
  A quokka (D:2)
  6 ball pythons
  6 bats
  3 frilled lizards
  5 rats
116 creatures vanquished.

Vanquished Creatures (others)
  An orc (D:3)
  An endoplasm (D:3)
  A ball python (D:3)
  61 foxfires
  A fungus (D:2)
  A plant (D:2)
66 creatures vanquished.

Grand Total: 182 creatures vanquished

Notes
Turn   | Place    | Note
-------+----------+-------------------------------------------
     0 | D:1      | Bruhh the Djinni Fire Elementalist began the quest for the
                  | Orb.
     0 | D:1      | Reached XP level 1. HP: 15/15 MP: 0/0
   527 | D:1      | Reached XP level 2. HP: 15/21 MP: 0/0
  1042 | D:1      | Reached skill level 3 in Spellcasting
  1225 | D:1      | HP: 1/21 [ball python (3)]
  1638 | D:2      | Noticed Jessica
  1642 | D:2      | Killed Jessica
  1643 | D:2      | Reached XP level 3. HP: 2/25 MP: 0/0
  1643 | D:2      | Learned a level 1 spell: Beastly Appendage
  2026 | D:2      | Noticed Robin
  2044 | D:2      | Reached XP level 4. HP: 22/31 MP: 0/0
  2493 | D:2      | Killed Robin
  3190 | D:2      | You are sucked into a shaft and drop 1 floor!
  3245 | D:3      | Found a shimmering altar of Xom.
  3253 | D:3      | Reached skill level 4 in Spellcasting
  3253 | D:3      | Reached XP level 5. HP: 27/35 MP: 0/0
  3253 | D:3      | Learned a level 2 spell: Ensorcelled Hibernation
  3595 | D:3      | Found an ornate altar of the Wu Jian Council.
  4214 | D:2      | Found Muetu's Antique Weapon Shop.
  4371 | D:2      | Found a faded altar of an unknown god.
  4592 | D:3      | Reached XP level 6. HP: 38/40 MP: 0/0
  5019 | D:4      | Reached skill level 5 in Spellcasting
  5027 | D:4      | Noticed Sigmund
  6224 | D:4      | Killed Sigmund
  6225 | D:4      | Reached XP level 7. HP: 32/45 MP: 0/0
  6225 | D:4      | Learned a level 3 spell: Teleport Other
  6438 | D:4      | Reached skill level 6 in Spellcasting
  6514 | D:4      | Found Kebi's Assorted Antiques.
  6586 | D:4      | Found a glowing golden altar of the Shining One.
  6587 | D:4      | Found a snail-covered altar of Cheibriados.
  6588 | D:4      | Found a bloodstained altar of Trog.
  6853 | D:5      | Entered Level 5 of the Dungeon
  7495 | D:5      | Found Gotir's Jewellery Boutique.
  7672 | D:5      | Found a staircase to the Ecumenical Temple.
  7693 | Temple   | Entered the Ecumenical Temple
  7696 | Temple   | Reached XP level 8. HP: 46/50 MP: 0/0
  7731 | Temple   | Became a worshipper of Makhleb the Destroyer
  7924 | D:5      | Reached skill level 7 in Spellcasting
  8104 | D:5      | Identified the ring "Arigi" {Wiz rF++ Stlth-}
  8145 | D:5      | Found a sacrificial altar of Ru.
  8620 | D:6      | HP: 1/50 [centaur/arrow (7)]
  8621 | D:6      | Shot with an arrow by a centaur

Illustrated notes

Levels and vault maps discovered:
D:1:      minmay_arrival_arboretum_small, layout_basic
D:2:      layout_rooms, serial_shops, nicolae_shop_hallway_plus,
          shapermc_ecumenical_altar_mp_ritualfount, uniq_jessica, uniq_robin
D:3:      layout_loops_ring, xom_confusion_cloud, mainiacjoe_overflow_24_doors
D:4:      layout_rooms, chequers_temple_overflow_statue_of_worship,
          serial_shops, nicolae_shop_crystal, minmay_crystal_room, uniq_sigmund
D:5:      layout_cave_pools, nicolae_ru_great_annihilating_truth,
          minmay_temple_entry_steel_oval, serial_shops,
          nicolae_shop_behind_doors
D:6:      layout_basic, nicolae_uskayaw_murder_on_the_dancefloor,
          portal_sewer_entry_a, uniq_prince_ribbit1
Temple:   eino_temple_lava

Skill      XL: |  1  2  3  4  5  6  7  8 |
---------------+-------------------------+-----
Spellcasting   | 3 4 5 6 7 |  7.7
Dodging        | |  2.1
Stealth        | |  1.5

Action                   |  1- 3 |  4- 6 |  7- 9 || total
-------------------------+-------+-------+-------++-------
Melee: Unarmed           |    19 |     4 |     2 ||    25
 Cast: Foxfire           |    47 |       |       ||    47
       Scorch            |     9 |    85 |    65 ||   159
  Use: Potion            |       |     3 |       ||     3
Armor: Robe              |     5 |    17 |     5 ||    27
Dodge: Dodged            |    19 |    34 |    22 ||    75

Table legend: (Time is in decaauts)
 A = Elapsed time spent in this place.
 B = Non-inter-level travel time spent in this place.
 C = Inter-level travel time spent in this place.
 D = Time resting spent in this place.
 E = Time spent auto-exploring this place.
 F = Levels seen in this place.
 G = Mean time per level.
                   A        B        C        D        E       F      G
               +--------+--------+--------+--------+--------+-----+--------+
         Total |   8624 |   8458 |    166 |   2233 |   5501 |   7 | 1232.0 |
       Dungeon |   8570 |   8404 |    166 |   2233 |   5478 |   6 | 1428.3 |
        Temple |     53 |     53 |      0 |      0 |     23 |   1 |   53.0 |
               +--------+--------+--------+--------+--------+-----+--------+

Top non-repeatable levels by time:
     D:1: 2529 daAuts
     D:3: 2401 daAuts
     D:2: 1165 daAuts
     D:4: 1090 daAuts
     D:5: 1068 daAuts
     D:6: 315 daAuts
  Temple: 53 daAuts
